Map: Rhoskallian LE

Players

qqq - Winner!

  • Race: Zerg Zerg
  • Spawn Location: 5:00

Massa - Winner!

  • Race: Terran Terran
  • League: Platinum
  • Spawn Location: 6:00

Mobius

  • Race: Terran Terran
  • Spawn Location: 12:00

punkosima

  • Race: Zerg Zerg
  • Spawn Location: 11:00

VOD

Have the link to the VOD?

Description

Time

  • Played on: Nov. 12, 2020, 2:38 p.m.
  • Length: 14:43
Show
View Real Time Build Order
Export as new Build Order

qqq Zerg - Winner!

Build Orders: Hatch First 

Get SALT Encoding   

  12  0:00  Drone  
  13  0:09  Drone  
  14  0:35  Hatchery  
  13  0:50  Drone  
  13  0:56  Spawning Pool  
  13  1:05  Drone  
  14  1:25  Overlord  
  14  1:27  Extractor  
  14  1:29  Drone  
  14  1:43  Queen  
  14  1:45  Drone x2  
  18  1:50  Queen  
  20  1:56  Drone  
  20  2:00  Drone  
  22  2:04  Drone  
  23  2:18  Drone  
  23  2:20  Drone x3  
  27  2:25  Drone  
  28  2:51  Metabolic Boost  
  28  2:55  Overlord x3, Baneling Nest  
  27  3:05  Drone  
  28  3:17  Zergling x2  
  29  3:20  Zergling x2  
  29  3:23  Zergling x2  
  29  3:26  Zergling x2  
  32  3:27  Hatchery  
  32  3:28  Zergling x2  
  32  3:34  Zergling x4  
  32  3:37  Zergling x2  
  34  3:53  Zergling x4  
  34  3:54  Drone x4  
  40  3:57  Zergling x2  
  41  4:27  Zergling x6  
  41  4:29  Drone x2  
  41  4:30  Drone  
  47  4:32  Lair  
  47  4:36  Baneling x4  
  45  5:16  Zergling x2  
  45  5:17  Drone, Zergling x6  
  45  5:18  Drone, Zergling x10  
  45  5:19  Zergling x2  
  55  5:32  Zergling x2  
  57  5:35  Drone  
  57  5:37  Spire  
  57  5:42  Drone  
  57  5:44  Extractor x2  
  50  6:00  Baneling x4  
  50  6:01  Zergling x4  
  50  6:02  Drone x3, Zergling x2  
  50  6:03  Zergling x4  
  58  6:10  Spine Crawler  
  57  6:23  Zergling x2  
  57  6:24  Overlord x3  
  54  6:47  Zergling x6  
  54  6:48  Drone, Zergling x4  
  54  6:49  Drone x3, Zergling x6  
  54  6:50  Zergling x4  
  65  7:15  Mutalisk x2  
  65  7:17  Drone x5  
  65  7:18  Drone x2  
  76  7:26  Queen  
  76  7:27  Drone  
  79  7:30  Drone x2  
  79  7:31  Extractor, Drone  
  81  7:38  Baneling x3  
  81  7:42  Overlord  
  81  7:43  Overlord x3  
  81  7:46  Extractor  
  81  7:47  Extractor  
  79  7:57  Hatchery, Zergling x2  
  78  8:04  Hatchery  
  68  8:09  Baneling x3  
  65  8:25  Zergling x8  
  56  8:37  Zergling x6  
  56  8:38  Mutalisk x5  
  56  8:40  Drone x5  
  71  8:53  Baneling x3  
  71  8:54  Baneling  
  71  8:55  Zergling x2  
  71  8:56  Zergling x6  
  71  9:02  Drone x2  
  73  9:22  Zergling x8  
  73  9:23  Mutalisk x2  
  78  9:24  Drone x2  
  78  9:25  Drone  
  78  9:30  Drone  
  78  9:31  Drone  
  83  9:32  Mutalisk  
  83  9:33  Zergling x2  
  85  9:44  Spore Crawler  
  81  9:45  Spore Crawler  
  81  9:47  Mutalisk x2  
  80  10:00  Spore Crawler  
  80  10:01  Drone x2, Spore Crawler x2  
  80  10:02  Drone x6  
  80  10:03  Mutalisk x2  
  65  10:15  Drone  
  65  10:16  Drone x2, Mutalisk  
  65  10:17  Mutalisk  
  67  10:22  Spore Crawler  
  67  10:23  Spore Crawler  
  67  10:28  Drone x4  
  67  10:32  Extractor  
  67  10:34  Drone  
  65  10:40  Mutalisk  
  67  10:43  Drone  
  64  10:55  Mutalisk x2  
  54  10:57  Drone  
  55  11:08  Spore Crawler  
  55  11:09  Spore Crawler  
  51  11:25  Overlord  
  42  11:58  Drone x5  
  45  12:02  Drone x4  
  43  12:11  Drone x2  
  45  12:18  Drone  
  45  12:20  Drone  
  45  12:22  Drone  
  48  12:25  Drone  
  48  12:26  Drone  
  50  12:36  Drone x4  
  52  12:39  Drone  
  52  12:41  Drone  
  52  12:43  Drone  
  55  12:51  Spore Crawler  
  54  12:52  Spore Crawler  
  54  12:53  Drone x2  
  54  12:55  Drone  
  56  12:59  Overlord  
  56  13:12  Queen  
  51  13:17  Spine Crawler  
  48  13:34  Drone x3  
  49  13:35  Drone x3  
  49  13:36  Drone x5, Spire  
  57  13:46  Drone  
  57  13:47  Drone x5  
  57  13:48  Drone  
  64  14:09  Overlord x3  
  64  14:10  Overlord x2  
  64  14:23  Overlord x3  
  64  14:29  Infestation Pit  
  63  14:33  Evolution Chamber  
  63  14:35  Evolution Chamber  
Show
View Real Time Build Order
Export as new Build Order

Massa Terran - Winner!

Build Orders:  

Get SALT Encoding   

  12  0:05  SCV  
  13  0:17  SCV  
  13  0:20  Supply Depot  
  14  0:29  SCV  
  14  0:31  Refinery  
  15  0:41  SCV  
  16  0:47  Barracks  
  16  0:54  SCV  
  17  1:06  SCV  
  18  1:18  SCV  
  19  1:30  SCV  
  20  1:34  Reaper  
  21  1:45  Supply Depot  
  22  1:47  Orbital Command  
  22  1:49  Supply Depot  
  21  2:05  Marine  
  22  2:10  Command Center  
  22  2:35  Barracks Reactor  
  22  2:36  SCV  
  23  2:48  SCV  
  24  2:52  Factory  
  23  3:21  Marine  
  23  3:22  Marine  
  25  3:27  Orbital Command  
  25  3:39  Marine x2  
  27  3:49  SCV  
  28  3:57  Marine x2  
  29  4:07  Supply Depot  
  29  4:09  Factory Reactor  
  29  4:15  Marine x2  
  29  4:16  Starport  
  31  4:18  Refinery  
  31  4:19  Refinery  
  31  4:22  Barracks  
  31  4:24  Command Center  
  31  4:26  SCV x2  
  33  4:33  Marine  
  34  4:38  SCV x2  
  36  4:46  Marine  
  36  4:48  Hellion x2  
  36  4:49  Supply Depot  
  36  4:51  Marine  
  40  5:17  Medivac  
  40  5:19  SCV x2  
  44  5:28  Hellion x2  
  48  5:31  SCV x2  
  50  5:41  Orbital Command  
  50  5:44  SCV x2  
  50  5:49  Hellion  
  54  5:52  Widow Mine  
  56  5:59  Marine x2  
  56  6:01  Barracks Tech Lab  
  58  6:08  SCV x3  
  58  6:10  Widow Mine  
  63  6:17  Marine  
  64  6:20  SCV x2  
  63  7:37  Widow Mine x2  
  63  7:38  Marine x2  
  63  7:39  Marauder  
  63  7:40  Stimpack  
  69  7:50  Supply Depot  
  69  8:08  Supply Depot x2  
  69  8:09  Supply Depot  
  69  8:11  SCV x3, Marine, Medivac  
  69  8:12  Marauder  
  77  8:15  Widow Mine  
  77  8:18  Widow Mine  
  77  8:29  SCV x3  
  77  8:34  Supply Depot x2  
  80  8:51  Marauder, Marine x2  
  80  8:54  SCV x3  
  87  8:59  Refinery  
  87  9:06  SCV x2  
  87  9:09  Marine x2  
  91  9:12  Widow Mine x2, Marauder  
  97  9:24  Orbital Command  
  97  9:27  Marine x2  
  99  9:33  SCV x2, Hellion x2  
  99  9:34  Marauder  
  107  9:40  Supply Depot  
  107  9:41  Supply Depot  
  107  9:42  Engineering Bay  
  107  9:45  SCV x2, Marine  
  110  9:55  Hellion, Marauder  
  110  9:57  SCV x2  
  116  10:19  Missile Turret  
  116  10:20  Missile Turret x2  
  116  10:22  Missile Turret  
  116  10:23  Missile Turret  
  116  10:24  Missile Turret  
  116  10:25  Missile Turret  
  116  10:27  Missile Turret  
  116  10:28  Missile Turret  
  91  10:30  Missile Turret  
  91  10:31  Missile Turret  
  91  10:34  Missile Turret x3  
  87  10:35  Missile Turret  
  87  10:36  Missile Turret  
  87  10:38  Missile Turret  
  85  10:54  Missile Turret  
  85  10:56  Missile Turret  
  85  11:12  Marine x3  
  88  11:24  Widow Mine x2  
  92  11:29  Marine  
  92  11:30  SCV x3, Marine x2  
  98  11:36  Missile Turret  
  98  11:42  SCV x3  
  98  11:46  Widow Mine x2  
  105  11:47  Marine  
  105  11:48  Marine x2  
  105  11:52  Barracks  
  105  11:53  Barracks  
  105  11:54  SCV x2, Barracks, Combat Shield  
  110  12:05  Marine  
  110  12:06  Marine x2  
  110  12:07  Widow Mine  
  105  12:23  Marine  
  105  12:24  Engineering Bay  
  105  12:27  Armory  
  105  12:28  SCV x3  
  109  12:38  Marine  
  109  12:39  Marine  
  109  12:40  SCV x3  
  109  12:41  Marine  
  109  12:42  Barracks Reactor  
  109  12:43  Barracks Tech Lab  
  116  12:45  Barracks Tech Lab  
  116  12:46  Barracks Reactor  
  115  12:51  Starport Reactor  
  115  12:53  Widow Mine x2  
  115  12:56  Marine x2  
  121  12:59  Factory  
  121  13:00  Marauder  
  121  13:04  SCV x3  
  122  13:13  Concussive Shells  
  122  13:14  Marine  
  122  13:15  Widow Mine  
  125  13:26  Widow Mine  
  125  13:59  Marauder  
  125  14:01  SCV x2  
  125  14:07  Marine x2  
  125  14:12  Marine x3  
  125  14:13  Widow Mine, Marine  
  125  14:14  Marauder  
  125  14:16  Widow Mine  
  122  14:20  Marauder  
  116  14:25  Marine x2  
Show
View Real Time Build Order
Export as new Build Order

Mobius Terran 

Build Orders:  

Get SALT Encoding   

  12  0:00  SCV  
  13  0:12  SCV  
  14  0:22  Supply Depot  
  14  0:25  SCV  
  15  0:44  Barracks  
  15  0:47  SCV  
  16  0:50  Refinery  
  16  0:55  Refinery  
  16  0:59  SCV  
  17  1:12  SCV  
  18  1:24  SCV  
  19  1:31  Reaper  
  19  1:32  Barracks  
  20  1:37  SCV  
  21  1:48  Supply Depot  
  21  1:49  SCV  
  22  2:02  SCV  
  23  2:09  Reaper  
  24  2:21  Barracks  
  24  2:22  Reaper  
  24  2:32  Orbital Command  
  24  2:42  Reaper  
  25  2:53  Supply Depot  
  25  2:54  Reaper  
  25  3:14  Reaper  
  24  3:47  Reaper x3  
  24  4:19  Reaper  
  24  4:22  Reaper x2  
  27  4:51  Reaper  
  28  4:54  Reaper  
  28  4:55  Reaper  
  30  5:00  Command Center  
  27  5:23  Reaper  
  27  5:27  Reaper x2  
  26  5:34  Factory  
  26  5:37  SCV  
  25  5:49  SCV  
  25  6:19  SCV, Armory  
  26  6:31  SCV  
  23  6:43  SCV  
  22  6:55  SCV  
  21  7:08  SCV  
  19  7:16  SCV  
  19  7:22  Hellbat  
  21  7:27  SCV  
  21  7:28  SCV, Factory  
  23  7:39  Refinery, SCV  
  23  7:40  SCV  
  23  7:42  Engineering Bay  
  23  7:43  Hellbat  
  27  7:51  SCV  
  27  7:52  SCV  
  29  8:04  SCV x2  
  24  8:16  SCV  
  21  8:38  SCV  
  22  8:45  Hellbat  
  22  8:46  Hellbat  
  26  8:50  SCV x2  
  26  8:55  Refinery  
  28  8:59  Factory  
  28  9:02  SCV x2, Terran Vehicle Weapons Level 1  
  30  9:07  Hellbat x2  
  34  9:10  Missile Turret  
  34  9:14  SCV  
  35  9:26  SCV  
  35  9:29  Hellbat  
  38  9:32  Hellbat  
  40  9:38  SCV  
  40  9:40  Missile Turret  
  41  9:46  Factory Tech Lab  
  41  9:50  Factory Reactor  
  41  9:54  SCV  
  42  10:07  SCV  
  43  10:19  SCV  
  38  10:30  Hellbat x4  
  38  10:31  SCV, Infernal Pre-Igniter  
  38  10:33  SCV  
  38  10:45  SCV  
  39  10:51  Hellbat  
  40  10:57  SCV  
  39  11:09  SCV  
  40  11:22  Missile Turret  
  40  11:41  Hellbat x4  
  48  11:56  SCV  
  49  12:02  Hellbat  
  51  12:08  SCV  
  51  12:20  SCV  
  51  12:32  SCV  
  51  12:35  Hellbat  
  54  12:41  Supply Depot  
  54  12:44  Missile Turret  
  54  12:57  Orbital Command  
  54  13:03  Thor, Hellbat  
  54  13:05  Command Center, Hellbat  
  44  13:42  SCV  
  44  13:44  Factory Tech Lab  
  51  13:54  SCV  
  52  14:05  Siege Tank  
  52  14:06  SCV  
  52  14:08  Hellbat x2  
  60  14:10  Siege Tank  
Show
View Real Time Build Order
Export as new Build Order

punkosima Zerg 

Build Orders: Hatch First 

Get SALT Encoding   

  12  0:01  Drone  
  13  0:13  Overlord  
  13  0:18  Drone  
  14  0:31  Drone x2  
  16  0:37  Drone  
  17  0:57  Drone  
  17  0:58  Hatchery  
  17  1:01  Drone  
  18  1:13  Extractor  
  18  1:17  Spawning Pool  
  16  1:20  Drone  
  16  1:23  Drone  
  18  1:29  Drone  
  19  1:39  Overlord  
  19  1:49  Drone  
  20  2:00  Drone  
  21  2:04  Queen  
  23  2:10  Queen  
  23  2:11  Drone  
  23  2:13  Drone  
  27  2:16  Metabolic Boost  
  27  2:22  Evolution Chamber  
  26  2:24  Drone  
  27  2:30  Drone  
  27  2:34  Drone  
  27  2:35  Drone  
  30  2:43  Drone x2  
  32  2:57  Spine Crawler  
  31  3:04  Queen  
  31  3:05  Queen  
  34  3:09  Overlord x2  
  36  3:36  Zergling x16  
  36  3:37  Zergling x2  
  45  3:49  Drone x2  
  47  4:07  Drone x5  
  47  4:09  Zerg Melee Weapons Level 1  
  52  4:11  Overlord x2  
  52  4:22  Baneling Nest  
  51  4:27  Drone  
  51  4:29  Overlord x3  
  52  4:36  Zergling x4  
  54  4:50  Zergling x12  
  60  4:56  Hatchery  
  57  5:10  Zergling x8  
  61  5:17  Zergling x12  
  63  5:33  Lair  
  63  5:47  Zergling x12  
  68  6:02  Zergling x6  
  68  6:03  Zergling x4  
  73  6:16  Queen  
  73  6:21  Drone x6  
  73  6:23  Extractor  
  73  6:24  Extractor  
  77  6:52  Queen, Spire  
  78  6:55  Zerg Melee Weapons Level 2  
  78  6:58  Extractor  
  77  7:01  Drone x2  
  77  7:03  Drone x3  
  77  7:07  Drone x5  
  87  7:08  Overlord x2  
  87  7:14  Drone  
  88  7:24  Pneumatized Carapace  
  88  7:53  Drone x8  
  88  7:54  Drone x7  
  101  8:19  Mutalisk  
  87  8:20  Mutalisk x6  
  88  8:39  Mutalisk  
  88  8:40  Mutalisk x2  
  83  8:48  Mutalisk  
  83  8:51  Drone x6  
  90  9:14  Mutalisk x6  
  90  9:15  Mutalisk x2  
  103  9:25  Mutalisk  
  105  9:49  Overlord  
  105  9:50  Overlord x7  
  105  10:06  Overlord  
  104  10:22  Mutalisk x8  
  120  10:28  Zerg Flyer Armor Level 1  
  120  10:34  Mutalisk  
  120  10:35  Mutalisk  
  124  10:37  Overlord x2  
  106  10:59  Mutalisk  
  106  11:00  Mutalisk x2  
  106  11:02  Overlord x3  
  66  11:25  Mutalisk  
  66  11:26  Mutalisk  
  66  11:32  Drone x7  
  57  11:41  Mutalisk  
  57  11:42  Mutalisk  
  57  11:43  Queen  
  57  11:44  Queen  
  58  12:02  Mutalisk x2  
  58  12:05  Drone x5  
  65  12:12  Drone x2  
  67  12:19  Queen  
  67  12:20  Queen  
  69  12:23  Zerg Flyer Weapons Level 1  
  69  12:33  Drone x6  
  74  12:38  Queen  
  74  12:41  Drone  
  77  12:44  Drone x2  
  75  13:13  Queen, Overlord x3  
  75  13:30  Mutalisk  
  77  13:37  Baneling x2  
  77  13:52  Zergling x18  
  77  13:53  Zergling x4  
  88  14:04  Zergling x2  
Tags
 
Add a new tag
Caveats
  • Supply blocks, unpowered buildings, or Contaminate may cause inaccurate times.
  • Supply counts are checked every 10 seconds.